 Dungeon Crawl Stone Soup version 0.29.1-1-gd02db6906a (webtiles) character file.

Game seed: 17151668235981566257

2313 funnyparkerb the Carver (level 9, -21/72 HPs)
             Began as a Merfolk Monk on Sept 16, 2022.
             Was a High Priest of Okawaru.
             Killed from afar by an acid dragon (32 damage)
             ... with a splash of acid
             ... on level 7 of the Dungeon.
             The game lasted 00:12:27 (7321 turns).

funnyparkerb the Carver (Merfolk Monk)              Turns: 7321, Time: 00:12:27

Health: -21/72     AC:  3    Str: 11    XL:     9   Next: 41%
Magic:  12/12      EV: 16    Int: 10    God:    Okawaru [*****.]
Gold:   562        SH:  0    Dex: 20    Spells: 8/8 levels left

rFire   . . .      SeeInvis .   a - +0 falchion
rCold   . . .      Faith    .   (no shield)
rNeg    . . .      Spirit   .   G - +0 steam dragon scales
rPois   .          Reflect  .   b - +1 hat
rElec   .          Harm     .   I - +0 cloak
rCorr   .          Rampage  .   (no gloves)
Will    +....                   (no boots)
Stlth   ++........              (no amulet)
HPRegen 0.22/turn               r - +4 ring of slaying
MPRegen 0.13/turn               s - ring of willpower

@: corroded
A: (nimble swimmer 2), mertail
a: Renounce Religion, Heroism, Finesse, Duel


You were on level 7 of the Dungeon.
You worshipped Okawaru.
Okawaru was extremely pleased with you.
You visited 2 branches of the dungeon, and saw 8 of its levels.

You collected 562 gold pieces.

Inventory:

Hand Weapons
 a - a +0 falchion (weapon)
Missiles
 n - 17 poisoned darts (quivered)
 w - 9 boomerangs
Armour
 b - a +1 hat (worn)
 E - a +0 scale mail
 G - +0 steam dragon scales (worn)
 I - a +0 cloak (worn)
Jewellery
 r - a +4 ring of slaying (left hand)
 s - a ring of willpower (right hand)
 F - a ring of resist corrosion
Wands
 x - a wand of digging (2)
 J - a wand of mindburst (24)
 L - a wand of quicksilver (13)
Scrolls
 e - a scroll of magic mapping {unknown}
 g - 11 scrolls of identify {unknown}
 h - 3 scrolls of teleportation {unknown}
 j - a scroll of immolation {unknown}
 k - a scroll of summoning {unknown}
 o - 2 scrolls of amnesia {unknown}
 p - a scroll of enchant weapon {unknown}
 q - a scroll of torment {unknown}
 t - a scroll of fog {unknown}
 v - a scroll of fear {unknown}
 y - a scroll of blinking {unknown}
 C - a scroll of enchant armour {unknown}
 D - a scroll of poison {unknown}
 K - a scroll of vulnerability {unknown}
Potions
 c - a potion of ambrosia
 f - 2 potions of resistance {unknown}
 i - 6 potions of brilliance {unknown}
 l - 4 potions of might
 m - 3 potions of magic {unknown}
 u - a potion of haste
 z - a potion of lignification {unknown}
 A - 3 potions of curing {unknown}
 B - 2 potions of degeneration {unknown}
 H - a potion of mutation {unknown}


   Skills:
 + Level 7.0 Fighting
 * Level 10.0 Long Blades
 - Level 3.0 Armour
 + Level 7.0 Dodging
 - Level 2.1 Stealth
 + Level 5.0 Invocations


You had 8 spell levels left.
You didn't know any spells.
Your spell library contained the following spells:

 Spells                   Type           Power      Damage    Failure   Level
 Gell's Gravitas          Tloc           0%         N/A       75%         3
 Lesser Beckoning         Tloc           0%         N/A       75%         3
 Portal Projectile        Hex/Tloc       0%         N/A       75%         3
 Teleport Other           Tloc           0%         N/A       75%         3
 Blade Hands              Tmut           0%         N/A       100%        5
 Chain Lightning          Conj/Air       0%         N/A       100%        9
 Fire Storm               Conj/Fire      0%         5d1       100%        9
 Shatter                  Erth           0%         3d5*      100%        9
 Tukima's Dance           Hex            Unusable   N/A       N/A         3

Dungeon Overview and Level Annotations

Branches:
Dungeon (7/15)             Temple (1/1) D:7

Altars:
Dithmenos
Elyvilon
Fedhas
Gozag
Kikubaaqudgha
Makhleb
Nemelex Xobeh
Okawaru
Qazlal
Sif Muna
Trog
Uskayaw
Wu Jian
Xom
Zin
The Shining One

Shops:
D:6 *

Annotations:
Temple 4 transporters


Innate Abilities, Weirdness & Mutations

((You are very nimble when in or above water. (Stealth+, EV+, Speed+++)))
Your lower body shifts to a powerful aquatic tail in water.


Message History

Throw: dart (curare)
Press: ? - help, Shift-Dir - straight line, f - acid dragon
Aim: an acid dragon (69% to hit)
You throw a curare-tipped dart.
The curare-tipped dart hits the acid dragon.
Throw: 18 darts (poison)
Press: ? - help, Shift-Dir - straight line, f/p - acid dragon
Aim: an acid dragon (69% to hit)
You throw a poisoned dart. The poisoned dart hits the acid dragon.
The acid dragon is poisoned.
The acid dragon spits acid at you. The splash of acid hits you!!
The acid corrodes you!
You hear an angry buzzing noise. x3
You completely miss the acid dragon.
The acid dragon is lightly wounded.
The acid dragon barely misses you. The acid dragon claws you.
You closely miss the acid dragon.
The acid dragon is lightly wounded.
A killer bee comes into view.
The acid dragon closely misses you. The acid dragon barely misses you.
You slash the acid dragon!
The acid dragon is moderately wounded.
You hit the acid dragon.
The acid dragon is heavily wounded.
The acid dragon completely misses you. The acid dragon claws you.
You closely miss the acid dragon.
The acid dragon is heavily wounded.
The acid dragon looks more healthy.
The acid dragon bites you! The acid dragon claws you.
The acid dragon attacks as you move away!
The acid dragon bites you!
* * * LOW HITPOINT WARNING * * *
The acid dragon claws you.
* * * LOW HITPOINT WARNING * * *
There is a stone staircase leading up here.
The killer bee stings you!
* * * LOW HITPOINT WARNING * * *
The acid dragon spits acid at you. The splash of acid hits you!!
You die...

...#.....##.....#.#..#...##......
...##(......##....#..#.......#...
....#....#..####..##......##.#.#.
.......###..## #.....##........#.
....#####....# ##....##..........
...########.### ##....#.....###..
...###.#.##.[.####...##.#..#####.
.........#..#.##.......######....
............#.##@......## #....
..........##...yD.......#####.#.#
.......#..###....................
.............#.(............##...
.#..#.........(..#.....[.....##.#
.#.###...........#.#......#......
.#.##............###....####.....
.......####''####.#...### #####.
......##........##...## ##


You could see an acid dragon (catching breath) and a killer bee.

Vanquished Creatures
  A troll (D:6)
  2 steam dragons
  An orc warrior (D:6)
  A sky beast (D:7)
  4 black bears
  3 ogres (D:5)
  A centaur (D:6)
  A phantom (D:4)
  A kobold brigand (D:5)
  A bullfrog (D:6)
  2 scorpions
  2 hounds
  An orc priest (D:5)
  A gnoll bouda (D:7)
  Ijyb (D:3)
  5 iguanas
  5 orc wizards
  5 adders
  3 gnolls (D:7)
  A shadow imp (D:7)
  A white imp (D:7)
  3 ufetubi
  2 worms
  A dart slug (D:1)
  34 orcs
  5 ball pythons
  5 endoplasms
  2 giant cockroaches
  7 goblins
  7 hobgoblins
  6 jackals (D:3)
  10 kobolds
  2 quokkas (D:1)
  6 bats
  4 frilled lizards (D:1)
  3 rats
140 creatures vanquished.

Notes
Turn   | Place    | Note
-------+----------+-------------------------------------------
     0 | D:1      | funnyparkerb the Merfolk Monk began the quest for the Orb.
     0 | D:1      | Reached XP level 1. HP: 18/18 MP: 1/1
   132 | D:1      | Reached skill level 4 in Long Blades
   142 | D:1      | Reached XP level 2. HP: 24/24 MP: 2/2
   886 | D:1      | Reached XP level 3. HP: 27/29 MP: 3/3
   993 | D:2      | Reached skill level 5 in Long Blades
  1810 | D:3      | Reached XP level 4. HP: 29/35 MP: 4/4
  1869 | D:3      | Found a faded altar of an unknown god.
  1968 | D:3      | Found a bloodstained altar of Trog.
  1984 | D:3      | Found an iron altar of Okawaru.
  1989 | D:3      | Reached skill level 6 in Long Blades
  1998 | D:3      | Became a worshipper of Warmaster Okawaru
  1998 | D:3      | Reached * piety under Okawaru
  1998 | D:3      | Reached ** piety under Okawaru
  2070 | D:3      | Noticed Ijyb
  2091 | D:3      | Killed Ijyb
  2529 | D:3      | Reached XP level 5. HP: 21/41 MP: 5/5
  2850 | D:3      | Reached skill level 7 in Long Blades
  3135 | D:4      | Reached XP level 6. HP: 42/49 MP: 6/6
  3260 | D:4      | Noticed a +0 hand axe
  3260 | D:4      | Noticed a black bear
  3261 | D:4      | Noticed a +0 hand axe
  3271 | D:4      | Noticed a black bear
  3282 | D:4      | Killed a black bear
  3283 | D:4      | Reached skill level 5 in Fighting
  3283 | D:4      | Reached skill level 5 in Dodging
  3423 | D:4      | Found a hide-covered altar of Uskayaw.
  3531 | D:5      | Entered Level 5 of the Dungeon
  3533 | D:5      | Noticed a black bear
  3794 | D:4      | Found a glowing silver altar of Zin.
  3827 | D:4      | Killed a black bear
  3827 | D:4      | Reached *** piety under Okawaru
  3828 | D:4      | Reached XP level 7. HP: 57/57 MP: 3/7
  4121 | D:4      | Found a burning altar of Makhleb.
  4121 | D:4      | Found a shadowy altar of Dithmenos.
  4343 | D:5      | Reached XP level 8. HP: 67/67 MP: 8/8
  4369 | D:5      | Found an ornate altar of the Wu Jian Council.
  4435 | D:5      | Reached skill level 1 in Invocations
  4889 | D:5      | Reached **** piety under Okawaru
  4961 | D:5      | Reached skill level 1 in Armour
  5559 | D:6      | Found Voukk's Assorted Antiques.
  5830 | D:6      | Noticed a troll
  5839 | D:6      | Killed a troll
  5840 | D:6      | Reached skill level 8 in Long Blades
  5957 | D:6      | Reached XP level 9. HP: 70/72 MP: 11/11
  6468 | D:6      | Reached ***** piety under Okawaru
  6469 | D:6      | Reached skill level 9 in Long Blades
  6736 | D:7      | Found a staircase to the Ecumenical Temple.
  6745 | Temple   | Entered the Ecumenical Temple
  6745 | Temple   | Found a transporter.
  6745 | Temple   | Found a transporter.
  6747 | Temple   | Found a transporter.
  6747 | Temple   | Found a transporter.
  6851 | D:7      | Reached skill level 5 in Invocations
  7165 | D:7      | Reached skill level 10 in Long Blades
  7321 | D:7      | Killed from afar by an acid dragon

Illustrated notes

Levels and vault maps discovered:
D:1:      nzn_arrival_depleted_hourglass, layout_basic
D:2:      layout_rooms, minmay_tall_x
D:3:      layout_basic, kennysheep_okawaru_gauntlet, lemuel_round_altar,
          nicolae_ecumenical_lake_church, uniq_ijyb
D:4:      layout_loops_ring, dancing_weapons_uskayaw,
          gammafunk_temple_overflow_wave, kennysheep_mini
D:5:      layout_loops_ring, nzn_wu_jian_contemplation
D:6:      layout_basic, serial_shops, nicolae_shop_competitors_out_of_business
D:7:      kennysheep_big_flooded_room, layout_cave_pools, temple_pool_b
Temple:   hellmonk_temple_divided_pantheon

Skill      XL: |  1  2  3  4  5  6  7  8  9 |
---------------+----------------------------+-----
Long Blades    | 4 5 6 7 8 10 | 10.0
Fighting       | 4 5 7 |  7.0
Dodging        | 5 7 |  7.0
Invocations    | 3 5 |  5.0
Armour         | 3 |  3.0
Stealth        | |  2.1

Action                   |  1- 3 |  4- 6 |  7- 9 || total
-------------------------+-------+-------+-------++-------
Melee: Falchion          |   126 |    85 |   248 ||   459
       Punch             |     1 |       |     2 ||     3
Throw: Dart              |       |     4 |    15 ||    19
       Boomerang         |       |       |     8 ||     8
Invok: Heroism           |       |     2 |     1 ||     3
Evoke: Wand              |       |     6 |       ||     6
  Use: Potion            |       |     1 |       ||     1
 Stab: Sleeping          |     4 |     1 |     3 ||     8
       Distracted        |       |     1 |       ||     1
Armor: Ring mail         |    45 |    37 |    45 ||   127
       Steam dragon scal |       |       |    14 ||    14
Dodge: Dodged            |    89 |    65 |   139 ||   293
